 Dungeon Crawl Stone Soup version 0.19.5 (webtiles) character file.

939 wolfsongas the Basher (level 7, -4/57 HPs)
             Began as a Minotaur Fighter on May 5, 2017.
             Was a Follower of Okawaru.
             Killed by divine providence
             ... invoked by an orc priest
              (11 damage)
             ... on level 5 of the Dungeon.
             The game lasted 00:14:47 (4097 turns).

wolfsongas the Basher (Minotaur Fighter)            Turns: 4097, Time: 00:14:47

Health: -4/57      AC: 12    Str: 22    XL:     7   Next: 87%
Magic:  6/6        EV:  6    Int:  5    God:    Okawaru [*.....]
Gold:   239        SH:  0    Dex: 10    Spells: 0 memorised, 6 levels left

rFire  . . .     SeeInvis .     a - +2 flail
rCold  . . .     Gourm    .     r - +0 plate armour
rNeg   . . .     Faith    .     (no shield)
rPois  +         Spirit   .     (helmet restricted)
rElec  .         Reflect  .     l - +0 cloak
rCorr  .         Harm     .     (no gloves)
MR     .....                    (no boots)
Stlth  ..........               (no amulet)
                                e - ring of poison resistance
                                i - ring of poison resistance

@: no status effects
A: retaliatory headbutt, horns 2
a: Heroism, Renounce Religion


You were on level 5 of the Dungeon.
You worshipped Okawaru.
Okawaru was aware of your devotion.
You were very full.

You visited 1 branch of the dungeon, and saw 6 of its levels.

You collected 239 gold pieces.

Inventory:

Hand Weapons
 a - a +2 flail (weapon)
Armour
 c - a +0 large shield
 l - a +0 cloak (worn)
 r - a +0 plate armour (worn)
Jewellery
 e - a ring of poison resistance (right hand)
 i - a ring of poison resistance (left hand)
Wands
 d - a wand of polymorph (5/24)
 o - a wand of flame (16/48)
 q - a wand of paralysis (18/24)
 s - a wand of digging (4/24)
Scrolls
 n - 5 scrolls of remove curse
 t - a scroll of identify
Books
 b - a Young Poisoner's Handbook

   Spells                             Type                      Level
   a - Sting                          Conjuration/Poison           1
   b - Mephitic Cloud                 Conjuration/Poison/Air       3
   c - Olgreb's Toxic Radiance        Poison                       4
   d - Alistair's Intoxication        Transmutation/Poison         5
   e - Venom Bolt                     Conjuration/Poison           5
Comestibles
 g - a slice of pizza
 h - 4 meat rations
 p - a bread ration


   Skills:
 - Level 3.6 Fighting
 + Level 10.8 Maces & Flails
 - Level 3.6 Armour
 - Level 0.4 Dodging
 - Level 0.1 Stealth
 - Level 3.6 Shields
 - Level 0.3 Evocations


You had 6 spell levels left.
You didn't know any spells.

Dungeon Overview and Level Annotations

Branches:
Dungeon (6/15)
 Temple: D:4-7

Altars:
Dithmenos
Okawaru
Uskayaw


Innate Abilities, Weirdness & Mutations

You reflexively headbutt those who attack you in melee.
You have a pair of horns on your head.


Message History

The orc priest hits you with a dagger. The orc hits you but does no damage.
The orc priest invokes the aid of Beogh against you.
Beogh smites you!
* * * LOW HITPOINT WARNING * * *
The orc hits you with a short sword.
* * * LOW HITPOINT WARNING * * *
You feel better.
The orc priest mumbles some strange prayers to Beogh against you.
Beogh smites you!
* * * LOW HITPOINT WARNING * * *
The orc hits you but does no damage. x2
You hit the orc priest.
You kill the orc priest!
Okawaru accepts your kill.
You can now gain great but temporary skills.
The orc hits you but does no damage. The orc completely misses you.
You hit the orc but do no damage. The orc barely misses you. x2
The orc priest mumbles some strange prayers to Beogh against you.
Beogh smites you!
You die...

.. # #. . #. #.#.
#.#.#######
#..)......##.
#..o)........# ##
#..o@........# .
#<#o#........ ##
#.#.###...# .#
#####.#'###...## .#
#...#.....#....# .#
#.#.#.....##...########
.+ ..
...........'...'>[....#
.# ##.##
#.#.#.....##..)######.#
## #...#
#.#.#.#....†........#.#


You could see an orc priest and 2 orcs.

Vanquished Creatures
  The ghost of errol the Shield-Bearer, an amateur OpFi (D:4)
  An orc warrior (D:5)
  An ogre (D:4)
  A scorpion (D:5)
  Crazy Yiuf (D:2)
  5 orc priests
  2 orc wizards
  2 worker ants (D:4)
  Ijyb (D:2)
  Robin (D:2)
  9 adders
  3 oozes (D:1)
  4 worms
  2 dart slugs
  4 leopard geckos
  14 orcs
  A ball python (D:1)
  6 giant cockroaches
  19 goblins
  7 hobgoblins
  9 jackals
  A quokka (D:4)
  2 bats
  5 frilled lizards
  8 kobolds
  5 rats
  3 fungi (D:2)
118 creatures vanquished.

Notes
Turn   | Place    | Note
-------+----------+-------------------------------------------
     0 | D:1      | wolfsongas the Minotaur Fighter began the quest for the Orb.
     0 | D:1      | Reached XP level 1. HP: 19/19 MP: 0/0
   134 | D:1      | Reached skill level 3 in Maces & Flails
   160 | D:1      | Reached XP level 2. HP: 24/26 MP: 1/1
   271 | D:1      | Reached skill level 4 in Maces & Flails
   473 | D:1      | Reached XP level 3. HP: 31/31 MP: 2/2
   927 | D:2      | Found a hide-covered altar of Uskayaw.
  1165 | D:2      | Reached skill level 5 in Maces & Flails
  1165 | D:2      | Reached XP level 4. HP: 39/39 MP: 3/3
  1183 | D:2      | Noticed Ijyb
  1189 | D:2      | Killed Ijyb
  1381 | D:2      | Reached skill level 6 in Maces & Flails
  1485 | D:2      | Noticed Robin
  1497 | D:2      | Reached XP level 5. HP: 30/45 MP: 4/4
  1507 | D:2      | Killed Robin
  1675 | D:2      | Found a runed door.
  1679 | D:2      | Noticed Crazy Yiuf
  1688 | D:2      | Killed Crazy Yiuf
  1783 | D:3      | Reached skill level 7 in Maces & Flails
  2691 | D:4      | Reached XP level 6. HP: 26/51 MP: 5/5
  2711 | D:4      | Got a warped robe
  2720 | D:4      | Noticed errol's ghost (amateur OpFi)
  2722 | D:4      | Identified the +2 robe of Imaanwep {rF+ Dex+2} (You found it on level 4 of the Dungeon)
  2729 | D:4      | Killed errol's ghost
  2729 | D:4      | Reached skill level 8 in Maces & Flails
  2983 | D:4      | Found an iron altar of Okawaru.
  2986 | D:4      | Became a worshipper of Warmaster Okawaru
  3160 | D:4      | Found a shadowy altar of Dithmenos.
  3188 | D:4      | Reached skill level 9 in Maces & Flails
  3210 | D:4      | Reached XP level 7. HP: 57/57 MP: 6/6
  3596 | D:5      | Entered Level 5 of the Dungeon
  3667 | D:5      | Reached skill level 10 in Maces & Flails
  4096 | D:5      | Reached * piety under Okawaru
  4097 | D:5      | Killed from afar by an orc priest

Skill      XL: |  1  2  3  4  5  6  7 |
---------------+----------------------+-----
Maces & Flails | 3 4 5 6 7 9 10 | 10.8
Fighting       | |  3.6
Armour         | |  3.6
Dodging        | |  0.4
Stealth        | |  0.1
Shields        | |  3.6
Evocations     | |  0.3

Action                   |  1- 3 |  4- 6 |  7- 9 || total
-------------------------+-------+-------+-------++-------
Melee: Flail             |    66 |   148 |    86 ||   300
       Headbutt          |    13 |    32 |    13 ||    58
       Whip              |    24 |       |       ||    24
       Unarmed           |       |     4 |       ||     4
Evoke: Wand              |       |     3 |       ||     3
  Use: Scroll            |     3 |     8 |     4 ||    15
       Potion            |       |     9 |     1 ||    10
  Eat: Bread ration      |     1 |       |     2 ||     3
       Royal jelly       |       |     1 |       ||     1
       Beef jerky        |       |     1 |       ||     1
       Pizza             |       |       |     1 ||     1
Armor: Scale mail        |    24 |       |       ||    24
       Chain mail        |    16 |    80 |    49 ||   145
       Plate armour      |       |       |     7 ||     7
Dodge: Dodged            |    25 |    55 |    41 ||   121
Block: Shield            |    20 |       |       ||    20
